 Dungeon Crawl Stone Soup version 0.31-a0-210-gccc998df9b (webtiles) character file.

Game seed: 18248196102823418037

653 qw the Shooter (level 7, -1/59 HPs)
             Began as a Minotaur Hexslinger on June 30, 2023.
             Slain by a gnoll sergeant
             ... wielding a +1 trident of flaming
              (9 damage)
             ... on level 6 of the Dungeon.
             The game lasted 00:01:33 (3230 turns).

qw the Shooter (Minotaur Hexslinger)                Turns: 3230, Time: 00:01:33

Health: -1/59      AC:  7    Str: 12    XL:     7   Next: 29%
Magic:  7/7        EV: 11    Int: 10    God:
Gold:   206        SH:  0    Dex: 15    Spells: 7/8 levels left

rFire   . . .        Y - +1 sling
rCold   . . .        (no shield)
rNeg    . . .        h - +0 ring mail
rPois   .            (helmet restricted)
rElec   .            j - +0 cloak
rCorr   .            c - +0 pair of gloves
SInv    .            (no boots)
Will    .....        e - amulet of regeneration
Stlth   +            (no ring)
HPRegen 1.09/turn    (no ring)
MPRegen 0.10/turn

%: no passive effects
@: about to teleport
A: horns 2, retaliatory headbutt
a: no special abilities


You were on level 6 of the Dungeon.
You visited 2 branches of the dungeon, and saw 7 of its levels.

You collected 239 gold pieces.
You spent 33 gold pieces at shops.


Innate Abilities, Weirdness & Mutations

You have a pair of horns on your head.
You reflexively headbutt those who attack you in melee.


   Skills:
 - Level 4.3 Fighting
 + Level 7.8 Ranged Weapons
 - Level 2.0 Armour
 - Level 2.1 Dodging
 - Level 1.0 Spellcasting
 - Level 2.0 Hexes


You had 7 spell levels left.
You knew the following spells:

 Your Spells              Type           Power      Damage    Failure   Level
a - Slow                  Hex            16%        N/A       32%         1

Your spell library contained the following spells:

 Spells                   Type           Power      Damage    Failure   Level
 Inner Flame              Hex/Fire       2%         N/A       83%         3
 Portal Projectile        Hex/Tloc       4%         N/A       83%         3
 Cause Fear               Hex            2%         N/A       97%         4

Inventory:

Hand Weapons
 Y - a +1 sling (weapon)
Armour
 c - a +0 pair of gloves (worn)
 h - a +0 ring mail (worn)
 j - a +0 cloak (worn)
Jewellery
 e - an amulet of regeneration (around neck)
Scrolls
 a - a scroll of teleportation
 d - a scroll of identify
Potions
 b - 3 potions of enlightenment
 f - a potion of haste
 g - a potion of mutation
 i - a potion of curing

Dungeon Overview and Level Annotations

Branches:
Dungeon (6/15)             Temple (1/1) D:4

Altars:
Ashenzari
Cheibriados
Dithmenos
Fedhas
Gozag
Hepliaklqana
Kikubaaqudgha
Makhleb
Qazlal
Ru
Sif Muna
Trog
Uskayaw
Vehumet
Xom
Zin
The Shining One

Shops:
D:1 !

Annotations:
D:6 exclusion: gnoll sergeant


Message History

The sling bullet hits the gnoll sergeant.
The gnoll sergeant is moderately wounded.
The gnoll sergeant hits you from afar with a +1 trident of flaming!
The gnoll sergeant burns you.
The gnoll sergeant hits you from afar with a +1 trident of flaming.
The gnoll sergeant burns you.
You shoot a sling bullet.
The sling bullet hits the gnoll sergeant but does no damage.
The gnoll sergeant is moderately wounded.
The gnoll sergeant misses you.
You shoot a sling bullet.
The sling bullet barely misses the gnoll sergeant.
The gnoll sergeant hits you from afar with a +1 trident of flaming!
The gnoll sergeant burns you.
The gnoll shouts!
The gnoll sergeant barely misses you. The gnoll barely misses you.
Things that are here:
a +0 spear; a gnoll corpse The gnoll sergeant hits you from afar with a +1 trident of flaming!
The gnoll sergeant burns you.
3226 ||| Stepping ~*~*~tactically~*~*~ (outnumbered).
You shoot a sling bullet.
The sling bullet hits the gnoll sergeant.
The gnoll sergeant is moderately wounded.
The gnoll sergeant closely misses you.
You shoot a sling bullet.
The sling bullet hits the gnoll sergeant.
The gnoll sergeant is heavily wounded.
The gnoll sergeant hits you from afar with a +1 trident of flaming!
The gnoll sergeant burns you.
3229 ||| READING 2 scrolls of teleportation.
As you read the scroll of teleportation, it crumbles to dust.
You feel strangely unstable.
The gnoll sergeant hits you from afar with a +1 trident of flaming!
The gnoll sergeant burns you.
You shoot a sling bullet.
The sling bullet hits the gnoll sergeant.
The gnoll sergeant is almost dead.
The gnoll sergeant hits you from afar with a +1 trident of flaming!
You die...

..##.#### #.##.#
#g##.# #.##[# #g##.#
#.##)#######
#.).........
..#######gg..#######
.......@.g####
###########


You could see a gnoll sergeant and 2 gnolls.

Vanquished Creatures
  An ice beast (D:5)
  A bullfrog (D:5)
  A scorpion (D:5)
  2 howler monkeys (D:4)
  4 hounds
  An orc wizard (D:5)
  2 gnolls
  11 adders
  A shadow imp (D:6)
  A worm (D:2)
  A dart slug (D:4)
  13 orcs
  4 endoplasms
  2 giant cockroaches (D:1)
  5 goblins
  6 hobgoblins
  3 jackals (D:3)
  2 quokkas
  13 ball pythons
  4 bats
  8 kobolds
  3 rats
89 creatures vanquished.

Notes
Turn   | Place    | Note
-------+----------+-------------------------------------------
     0 | D:1      | qw the Minotaur Hexslinger began the quest for the Orb.
     0 | D:1      | Reached XP level 1. HP: 16/16 MP: 1/1
     0 | D:1      | 0 ||| qw: Version: 0.3-a-26-gee661ec
     0 | D:1      | 0 ||| qw: Game counter: 7196
     0 | D:1      | 0 ||| qw: Melee chars always use a shield: true
     0 | D:1      | 0 ||| qw: God list: Okawaru
     0 | D:1      | 0 ||| qw: Allow faded altars: false
     0 | D:1      | 0 ||| qw: Do Orc after clearing Dungeon:15 true
     0 | D:1      | 0 ||| qw: Do second Lair branch before Depths: true
     0 | D:1      | 0 ||| qw: Lair rune preference: random
     0 | D:1      | 0 ||| qw: Goals: Normal
     0 | D:1      | 0 ||| PLANNING D:1-11
   138 | D:1      | Reached skill level 3 in Ranged Weapons
   138 | D:1      | Reached XP level 2. HP: 18/23 MP: 2/2
   434 | D:1      | Found Fuxum's Distillery.
   444 | D:1      | 444 ||| SHOPLISTING potion of cancellation (88 gold, have
                  | 52).
   444 | D:1      | 444 ||| BUYING potion of curing (33 gold).
   444 | D:1      | Bought a potion of curing for 33 gold pieces
   444 | D:1      | 444 ||| SHOPLISTING potion of heal wounds (55 gold, have
                  | 19).
   444 | D:1      | 444 ||| SHOPLISTING potion of might (44 gold, have 19).
   444 | D:1      | 444 ||| SHOPLISTING potion of resistance (110 gold, have
                  | 19).
   595 | D:1      | 595 ||| UPGRADING to +0 ring mail.
   605 | D:1      | 605 ||| DROPPING +0 robe.
   606 | D:1      | 606 ||| DROPPING amulet of magic regeneration.
   607 | D:1      | 607 ||| UPGRADING to amulet of regeneration.
   612 | D:1      | 612 ||| READING scroll labelled CUV ZICRUO.
   615 | D:1      | 615 ||| READING scroll labelled AGEOHU ORPHAGH.
   616 | D:1      | 616 ||| DROPPING scroll of poison.
   640 | D:2      | Reached XP level 3. HP: 29/29 MP: 3/3
   717 | D:2      | Reached skill level 4 in Ranged Weapons
   731 | D:2      | Reached skill level 1 in Armour
  1033 | D:2      | Reached XP level 4. HP: 30/36 MP: 4/4
  1277 | D:2      | 1277 ||| UPGRADING to +0 pair of gloves.
  1282 | D:2      | 1282 ||| READING scroll labelled EFACASO FIAGA.
  1392 | D:3      | 1392 ||| READING scroll labelled BOHON SUJUNK.
  1446 | D:3      | Found a faded altar of an unknown god.
  1549 | D:3      | Found a hazy altar of Hepliaklqana.
  1556 | D:3      | 1556 ||| DROPPING ring of wizardry.
  1565 | D:3      | Reached skill level 5 in Ranged Weapons
  1680 | D:3      | Found a bloodstained altar of Trog.
  1783 | D:3      | 1783 ||| UPGRADING to +0 cloak.
  1788 | D:3      | 1788 ||| READING scroll labelled NUMNAA XOPAES.
  1789 | D:3      | 1789 ||| DRINKING 3 lumpy amethyst potions.
  1790 | D:3      | 1790 ||| READING 4 scrolls of identify.
  1790 | D:3      | 1790 ||| IDENTIFYING brown potion
  1791 | D:3      | 1791 ||| DROPPING potion of degeneration.
  1840 | D:4      | Found a staircase to the Ecumenical Temple.
  1841 | D:4      | 1841 ||| PLANNING TEMPLE
  1850 | Temple   | Entered the Ecumenical Temple
  1964 | Temple   | 1964 ||| PLANNING D:1-11
  2029 | D:4      | Reached XP level 5. HP: 39/44 MP: 5/5
  2172 | D:4      | Reached skill level 3 in Fighting
  2527 | D:4      | 2527 ||| DRINKING 3 grey potions.
  2528 | D:4      | 2528 ||| READING 3 scrolls of identify.
  2528 | D:4      | 2528 ||| IDENTIFYING silvery potion
  2529 | D:4      | 2529 ||| DROPPING 2 potions of brilliance.
  2561 | D:5      | Entered Level 5 of the Dungeon
  2568 | D:5      | 2568 ||| STAIRDANCE
  2581 | D:4      | Reached skill level 6 in Ranged Weapons
  2581 | D:4      | Reached XP level 6. HP: 51/51 MP: 6/6
  2732 | D:5      | Reached skill level 7 in Ranged Weapons
  2855 | D:5      | Reached XP level 7. HP: 35/59 MP: 7/7
  3119 | D:5      | 3119 ||| DRINKING 3 white potions.
  3120 | D:5      | 3120 ||| READING 3 scrolls of identify.
  3120 | D:5      | 3120 ||| IDENTIFYING metallic purple potion
  3121 | D:5      | 3121 ||| READING 2 scrolls of identify.
  3121 | D:5      | 3121 ||| IDENTIFYING orange potion
  3122 | D:5      | 3122 ||| DROPPING potion of attraction.
  3123 | D:5      | 3123 ||| DROPPING 2 potions of magic.
  3211 | D:6      | 3211 ||| Stepping ~*~*~tactically~*~*~ (outnumbered).
  3213 | D:6      | 3213 ||| Stepping ~*~*~tactically~*~*~ (outnumbered).
  3226 | D:6      | 3226 ||| Stepping ~*~*~tactically~*~*~ (outnumbered).
  3228 | D:6      | HP: 14/59 [gnoll sergeant/+1 trident of flaming (2)]
  3229 | D:6      | 3229 ||| READING 2 scrolls of teleportation.
  3229 | D:6      | HP: 6/59 [gnoll sergeant/+1 trident of flaming (2)]
  3230 | D:6      | Slain by a gnoll sergeant

Levels and vault maps discovered:
D:1:      lightli_arrival_maybe_door_vault, layout_loops_cross, serial_shops,
          nicolae_diamond_shop
D:2:      layout_loops_ring, chequers_big_river
D:3:      layout_basic, lemuel_doored_altar, lightli_temple_of_fire,
          dreamdust_ecumenical_altar_angels_and_demons
D:4:      layout_basic, minmay_temple_entry_junction, minmay_misc_feat_chi
D:5:      layout_rooms
D:6:      layout_loops_ring
Temple:   nicolae_temple_superstar

Skill      XL: |  1  2  3  4  5  6 |
---------------+-------------------+-----
Ranged Weapons | 3 4 5 6 7 |  7.8
Fighting       | 2 3 4 |  4.3
Armour         | 1 2 |  2.0
Dodging        | |  2.1
Spellcasting   | |  1.0
Hexes          | |  2.0

Action                     |  1- 3 |  4- 6 |  7- 9 || total
---------------------------+-------+-------+-------++-------
   Fire: Sling             |    95 |   202 |    76 ||   373
    Use: Scroll            |     2 |     5 |     3 ||    10
         Potion            |       |     2 |     1 ||     3
 Armour: Robe              |     1 |       |       ||     1
         Ring mail         |    11 |    64 |    13 ||    88
  Dodge: Dodged            |    30 |    94 |    36 ||   160

Table legend:
 A = Non-vault XP
 B = Vault XP
 C = Vault XP percentage of total XP
 D = Non-vault monster count
 E = Vault monster count
 F = Vault count percentage of total count
                 A         B        C        D         E       F
            +---------+---------+-------+---------+---------+-------
      Total |     934 |       0 |   0.0 |      89 |       0 |   0.0
            +---------+---------+-------+---------+---------+-------
        D:1 |      39 |       0 |   0.0 |      17 |       0 |   0.0
        D:2 |      84 |       0 |   0.0 |      20 |       0 |   0.0
        D:3 |      63 |       0 |   0.0 |      16 |       0 |   0.0
        D:4 |     200 |       0 |   0.0 |      13 |       0 |   0.0
        D:5 |     507 |       0 |   0.0 |      16 |       0 |   0.0
        D:6 |      41 |       0 |   0.0 |       7 |       0 |   0.0
            +---------+---------+-------+---------+---------+-------
